 Dungeon Crawl Stone Soup version 0.29.1-1-gd02db6906a (console) character file.

Game seed: 893590255165328927

91 goozler the Chopper (level 4, 0/41 HPs)
             Began as a Hill Orc Fighter on Sept 12, 2022.
             Succumbed to an adder's poison
             ... on level 5 of the Dungeon on Sept 23, 2022.
             The game lasted 00:18:20 (2179 turns).

goozler the Chopper (Hill Orc Fighter)              Turns: 2179, Time: 00:18:20

Health: 0/41       AC: 12    Str: 20    XL:     4   Next: 57%
Magic:  4/4        EV:  9    Int:  8    God:
Gold:   170        SH:  4    Dex: 10    Spells: 3/3 levels left

rFire   . . .      SeeInvis .   a - +0 war axe (freeze)
rCold   . . .      Faith    .   c - +0 buckler
rNeg    . . .      Spirit   .   b - +1 scale mail
rPois   .          Reflect  .   l - +0 helmet
rElec   .          Harm     .   (no cloak)
rCorr   .          Rampage  .   q - +2 pair of gloves
Will    .....                   (no boots)
Stlth   ..........              (no amulet)
HPRegen 0.13/turn               (no ring)
MPRegen 0.09/turn               (no ring)

@: lethally poisoned (0 -> -1)
A: no striking features
a: no special abilities


You were on level 5 of the Dungeon.
You visited 1 branch of the dungeon, and saw 5 of its levels.

You collected 170 gold pieces.

Inventory:

Hand Weapons
 a - a +0 war axe of freezing (weapon)
Missiles
 m - 11 stones (quivered)
Armour
 b - a +1 scale mail (worn)
 c - a +0 buckler (worn)
 l - a +0 helmet (worn)
 p - a scarf of shadows
 q - a +2 pair of gloves (worn)
Magical Staves
 n - a staff of poison
Scrolls
 e - 2 scrolls of identify
 h - 2 scrolls of noise {unknown}
Potions
 d - a potion of might
 f - a potion of magic
 g - a potion of brilliance
 i - 2 potions of lignification {unknown}
 j - a potion of haste {unknown}
 k - a potion of invisibility {unknown}
 o - a potion of mutation {unknown}


   Skills:
 + Level 4.6 Fighting
 - Level 5.0 Axes
 - Level 3.5 Armour
 - Level 3.3 Shields


You had 3 spell levels left.
You didn't know any spells.
Your spell library contained the following spells:

 Spells                   Type           Power      Damage    Failure   Level
 Slow                     Hex            0%         N/A       85%         1
 Confusing Touch          Hex            0%         N/A       99%         3
 Vampiric Draining        Necr           0%         2d6       99%         3


Dungeon Overview and Level Annotations

Branches:
Dungeon (6/15)
 Temple: D:4-7

Altars:
Xom

Shops:
D:1 =


Message History

You are poisoned.
The adder poisons you!
The gnoll sergeant completely misses you.
The adder completely misses you.
You feel sick.
You feel sick.
You feel sick. The adder bites you. The adder attacks as you move away!
The adder barely misses you.
You feel sick.
You feel sick.
You are no longer poisoned.
The adder attacks as you move away! The adder bites you but does no damage.
The adder barely misses you. The adder attacks as you move away!
The adder misses you.
There is an open door here.
The adder attacks as you move away! The adder bites you but does no damage.
The adder misses you. The adder barely misses you.
You block the gnoll sergeant's attack. The adder bites you.
* * * LOW HITPOINT WARNING * * *
You are poisoned.
The adder poisons you!
You feel sick.
You feel sick.
You feel sick. The adder attacks as you move away!
The adder closely misses you.
You feel sick. The adder barely misses you.
As you open the door, it creaks loudly!
You feel sick. The adder bites you.
* * * LOW HITPOINT WARNING * * *
You are lethally poisoned!
The adder poisons you!
The gnoll sergeant completely misses you.
* * * LOW HITPOINT WARNING * * *
You feel sick.
There is an open door here.
* * * LOW HITPOINT WARNING * * *
You feel sick. The adder bites you but does no damage.
* * * LOW HITPOINT WARNING * * *
You feel sick.
* * * LOW HITPOINT WARNING * * *
You feel sick.
You die...

#...# #...# # #...#.#
####...#.## #....>....#
############
#......#.#####..........#
###......#....##..........#
#........#....'z..........#
#.#####..#..Sg########'####
#.#####..#..#..........#
#........#.@#.#######..#
#######.##..#########..#
.......................#####
#######.###########.......z.
#.######..........####
..................#
##.################# #.# #..
#.


You could see an adder.

Vanquished Creatures
  An iguana (D:6)
  3 adders (D:3)
  3 orcs (D:3)
  7 bats
  3 endoplasms
  A giant cockroach (D:2)
  2 goblins
  3 hobgoblins
  A kobold (D:3)
  3 quokkas (D:2)
  3 ball pythons
  2 frilled lizards
  4 rats
36 creatures vanquished.

Vanquished Creatures (others)
  2 fungi (D:1)
2 creatures vanquished.

Grand Total: 38 creatures vanquished

Notes
Turn   | Place    | Note
-------+----------+-------------------------------------------
     0 | D:1      | goozler the Hill Orc Fighter began the quest for the Orb.
     0 | D:1      | Reached XP level 1. HP: 19/19 MP: 1/1
   139 | D:1      | Found Danofyr's One-of-a-Kind Rings.
   508 | D:1      | Reached skill level 3 in Axes
   508 | D:1      | Reached XP level 2. HP: 27/27 MP: 2/2
   627 | D:1      | Found a faded altar of an unknown god.
  1055 | D:2      | Reached skill level 4 in Axes
  1113 | D:2      | Found a shimmering altar of Xom.
  1269 | D:2      | Reached XP level 3. HP: 33/33 MP: 3/3
  1698 | D:3      | Upgraded the game from 0.29.0-15-g675c0067aa to
                  | 0.29.1-1-gd02db6906a
  1829 | D:3      | Reached skill level 5 in Axes
  1896 | D:3      | Reached XP level 4. HP: 40/40 MP: 4/4
  1949 | D:3      | You fall into a shaft and drop 3 floors!
  2045 | D:5      | Entered Level 5 of the Dungeon
  2143 | D:5      | Noticed a gnoll sergeant
  2176 | D:5      | HP: 2/41 [poisoned by an adder]
  2179 | D:5      | Succumbed to an adder's poison

Illustrated notes

Levels and vault maps discovered:
D:1:      wander_arrival_fairy_ring, layout_loops_cross,
          shapermc_ecumenical_altar_acropolis, nicolae_shop_unique_rings
D:2:      layout_basic, basic_altar
D:3:      layout_rooms, serial_rivers, chequers_serial_rivers_micro_c,
          chequers_serial_rivers_room_a, chequers_serial_rivers_small_b,
          chequers_serial_rivers_small_a, chequers_serial_rivers_small_b
D:5:      layout_basic, st_stairs_10, dreamdust_princess_corridor,
          minmay_tree_intersection, grunt_ministairs_9, minivault_24,
          sword_in_stone, uniq_crazy_yiuf_cottage, uniq_ijyb
D:6:      cheibrodos_thug_alley, layout_basic

Skill      XL: |  1  2  3 |
---------------+----------+-----
Axes           | 3 4 5 |  5.0
Fighting       | 4 |  4.6
Armour         | |  3.5
Shields        | |  3.3

Action                   |  1- 3 |  4- 6 || total
-------------------------+-------+-------++-------
Melee: War axe           |    80 |    15 ||    95
  Use: Scroll            |    10 |       ||    10
Armor: Scale mail        |    36 |     8 ||    44
Dodge: Dodged            |    44 |    19 ||    63
Block: Buckler           |    17 |     6 ||    23
